 Dungeon Crawl Stone Soup version 0.31.0-32-g396128a36d (webtiles) character file.

Game seed: 15565544395516996767

10866 Ijustatesigmund the Fighter (level 11, -5/119 (123) HPs)
             Began as an Oni Conjurer on Mar 12, 2024.
             Was an Initiate of Cheibriados.
             Slain by a skeletal warrior
             ... wielding a +1 trident of venom
              (26 damage)
             ... on level 11 of the Dungeon.
             The game lasted 00:31:55 (16243 turns).

Ijustatesigmund the Fighter (Oni Conjurer)         Turns: 16243, Time: 00:31:56

HP:   -5/119 (123)  AC: 15    Str: 14    XL:     11   Next: 68%
MP:   19/22         EV:  7    Int: 24    God:    Cheibriados [......]
Gold: 630           SH:  0    Dex: 14    Spells: 18/25 levels left

rFire   + . .        c - +0 giant spiked club (venom)
rCold   + . .        (shield currently unavailable)
rNeg    + + .        a - +1 pearl dragon scales
rPois   .            (helmet restricted)
rElec   .            q - scarf {rC+ rF+}
rCorr   .            (gloves unavailable)
SInv    .            (boots unavailable)
Will    +....        (no amulet) Stlth
                     p - +6 ring of dexterity
HPRegen 0.39/turn    B - ring of positive energy
MPRegen 0.18/turn

%: no passive effects
@: mighty, lethally poisoned (-5 -> -34), lightly drained, very slow
A: large, unfitting armour, horns 1, tough skin 1, double potion healing,
drunken brawling
a: Renounce Religion


You were on level 11 of the Dungeon.
You worshipped Cheibriados.
Cheibriados was noncommittal.
You visited 1 branch of the dungeon, and saw 11 of its levels.

You collected 630 gold pieces.

Inventory:

Hand Weapons
 c - a +0 giant spiked club of venom (weapon)
 s - the +1 hand axe "Hydrabane" {holy, rC+++ Str+3 Dex-3 Stlth+}
   (You found it on level 4 of the Dungeon)

   Str+3:     It affects your strength (+3).
   Dex-3:     It affects your dexterity (-3).
   rC+++:     It renders you almost immune to cold.
   Stlth+:    It makes you more stealthy.
Missiles
 e - 2 large rocks (quivered)
 r - a throwing net
Armour
 a - +1 pearl dragon scales (worn)
 q - a scarf of resistance (worn)
Jewellery
 h - an amulet of guardian spirit
 k - a ring of willpower
 p - a +6 ring of dexterity (left hand)
 B - a ring of positive energy (right hand)
Wands
 g - a wand of polymorph (19)
 u - a wand of flame (32)
Scrolls
 f - a scroll of amnesia
 m - a scroll of immolation {unknown}
 n - a scroll of fear {unknown}
 o - 2 scrolls of revelation
Potions
 b - a potion of magic
 d - 2 potions of mutation
 j - 2 potions of attraction {unknown}
 t - a potion of degeneration {unknown}
 v - a potion of heal wounds
 z - a potion of cancellation {unknown}
 A - a potion of enlightenment
 D - 2 potions of brilliance


   Skills:
 + Level 12.2 Fighting
 + Level 8.1 Maces & Flails
 + Level 2.5 Throwing
 + Level 7.5 Armour
 - Level 1.7 Dodging
 - Level 1.4 Stealth
 + Level 7.7 Spellcasting
 + Level 5.1 Conjurations
 + Level 5.4 Translocations
 + Level 0.7 Invocations


You had 18 spell levels left.
You knew the following spells:

 Your Spells              Type           Power      Damage    Failure   Level
a - Magic Dart            Conj           100%       1d8       3%          1
b - Searing Ray           Conj           66%        2d6       6%          2
c - Iskenderun's Mystic   Conj/Tloc      34%        2d8       34%         4

Your spell library contained the following spells:

 Spells                   Type           Power      Damage    Failure   Level
 Apportation              Tloc           70%        N/A       3%          1
 Lesser Beckoning         Tloc           70%        N/A       4%          2
 Gell's Gravitas          Tloc           35%        N/A       10%         3
 Teleport Other           Tloc           35%        N/A       10%         3
 Sting                    Conj/Alch      84%        1d8       11%         1
 Necrotise                Necr           36%        1d5       30%         1
 Summon Small Mammal      Summ           36%        N/A       30%         1
 Summon Ice Beast         Ice/Summ       9%         N/A       67%         3
 Fulminant Prism          Conj/Alch      10%        3d9       71%         4
 Summon Mana Viper        Hex/Summ       9%         N/A       100%        5
 Monstrous Menagerie      Summ           4%         N/A       100%        7


Dungeon Overview and Level Annotations

Branches:
Dungeon (11/15)            Temple (0/1) D:7            Lair (0/5) D:9
    Orc (0/2) D:10

Altars:
Ashenzari
Cheibriados
Dithmenos
Elyvilon
Fedhas
Gozag
Kikubaaqudgha
Makhleb
Nemelex Xobeh
Ru
Trog
Wu Jian
Yredelemnul
The Shining One

Shops:
D:11 (

Annotations:
D:8 4 runed translucent doors
D:11 3 runed translucent doors, manix's ghost, journeyman FoHs


Innate Abilities, Weirdness & Mutations

You are too large for most types of armour.
You have a pair of small horns on your head.
You have tough skin. (AC +1)
You gain doubled healing and magic from potions.
Whenever you drink a healing potion, you attack all around you.


Message History

You partially resist.
You feel drained.
The skeletal warrior hits you but does no damage.
The skeletal warrior hits you from afar with a +1 trident of venom!
You are poisoned.
Casting: Magic Dart (safe; 3% risk of failure)
Confirm with . or Enter, or press ? or * to list all spells.
You erupt in a blast of force!
The mystic blast hits the skeletal warrior.
The skeletal warrior is lightly damaged.
The skeletal warrior is knocked back by the mystic blast.
The skeletal warrior slams into the rock wall!
The mystic blast hits the skeletal warrior.
The skeletal warrior is lightly damaged.
The skeletal warrior is knocked back by the mystic blast.
The skeletal warrior collides with the skeletal warrior!
The skeletal warrior is lightly damaged.
The mystic blast hits the skeletal warrior.
The skeletal warrior is moderately damaged.
The skeletal warrior is knocked back by the mystic blast.
You feel sick.
You feel sick.
The skeletal warrior hits you with a +1 flail of draining.
You partially resist.
You feel drained.
The skeletal warrior hits you but does no damage.
You are more poisoned.
You enter a teleport trap!
The teleport trap disappears.
Your surroundings suddenly seem different.
You feel sick.
The skeletal warrior hits you from afar with a +1 trident of venom!!
You are more poisoned.
You feel very mighty all of a sudden.
You feel very sick.
The skeletal warrior hits you from afar with a +1 trident of venom!
* * * LOW HITPOINT WARNING * * *
You are lethally poisoned!
* * * LOW HITPOINT WARNING * * *
You feel extremely sick.
The skeletal warrior attacks as it pursues you!
The skeletal warrior hits you from afar with a +1 trident of venom!!
You die...

#..............####
#..#..#..#####..[..
########........#####.....
#.).....z##...........###.
...######z#####..##.##.###.
#(#####..##.##.##..
#.z............##.#
##.#######...#.##.# #@#
#...#..... #(# #...####..
... #......... #.(.#
####...####.#
..................#
....................
....................
###...####...........
#.#...#.###.


You could see 3 skeletal warriors.

Vanquished Creatures
  A boulder beetle (D:11)
  2 two-headed ogres
  2 cyclopes
  A komodo dragon (D:10)
  3 trolls
  Grinder (D:5)
  12 yaks
  A wraith (D:9)
  2 wyverns
  Grum (D:10)
  2 vampire mosquitoes (D:8)
  An acid dragon (D:8)
  6 orc warriors
  8 water moccasins
  3 black bears (D:5)
  A sky beast (D:8)
  An ice beast (D:6)
  2 ogres
  2 centaurs
  2 wolves (D:10)
  2 phantoms
  A kobold brigand (D:8)
  6 bullfrogs
  A gnoll sergeant (D:8)
  A wight (D:8)
  A burial acolyte (D:8)
  4 killer bees (D:9)
  An electric eel (D:10)
  5 howler monkeys
  5 hounds
  A jelly (D:8)
  4 orc priests
  3 bombardier beetles
  2 sleepcaps
  An iguana (D:3)
  9 orc wizards
  8 gnolls
  9 adders
  2 shadow imps
  A white imp (D:8)
  2 ufetubi (D:5)
  2 adder zombies (D:8)
  A dart slug (D:4)
  39 orcs
  8 ball pythons
  5 bats
  7 endoplasms
  4 giant cockroaches
  6 goblins
  11 hobgoblins
  4 jackals (D:3)
  7 kobolds
  6 quokkas
  3 frilled lizards
  2 jackal zombies (D:8)
  11 rats
239 creatures vanquished.

Vanquished Creatures (others)
  An orc wizard (D:9)
  An orc (D:7)
2 creatures vanquished.

Grand Total: 241 creatures vanquished

Notes
Turn   | Place    | Note
-------+----------+-------------------------------------------
     0 | D:1      | Ijustatesigmund the Oni Conjurer began the quest for the
                  | Orb.
     0 | D:1      | Reached XP level 1. HP: 16/16 MP: 3/3
   211 | D:1      | Reached skill level 1 in Fighting
   245 | D:1      | Reached XP level 2. HP: 27/27 MP: 2/5
   250 | D:1      | Learned a level 2 spell: Searing Ray
   908 | D:1      | Reached XP level 3. HP: 35/35 MP: 4/7
  1035 | D:2      | Reached skill level 2 in Fighting
  1134 | D:2      | You fall into a shaft and drop 1 floor!
  1393 | D:3      | Reached XP level 4. HP: 13/44 MP: 0/8
  1398 | D:3      | Reached skill level 3 in Fighting
  1550 | D:3      | Reached XP level 5. HP: 44/53 MP: 1/10
  1689 | D:3      | Learned a level 4 spell: Iskenderun's Mystic Blast
  2068 | D:3      | Reached skill level 4 in Fighting
  2068 | D:3      | Reached skill level 1 in Translocations
  2280 | D:3      | Found a faded altar of an unknown god.
  2294 | D:3      | Found an ornate altar of the Wu Jian Council.
  2350 | D:2      | Found a burning altar of Makhleb.
  2673 | D:2      | Reached XP level 6. HP: 62/62 MP: 8/12
  4036 | D:4      | Identified the +1 hand axe "Hydrabane" {holy, rC+++ Str+3
                  | Dex-3 Stlth+}
  4112 | D:5      | Entered Level 5 of the Dungeon
  4114 | D:5      | Noticed a black bear
  4480 | D:5      | Reached skill level 5 in Fighting
  4499 | D:4      | Reached skill level 5 in Spellcasting
  4499 | D:4      | Reached XP level 7. HP: 62/72 MP: 1/14
  4910 | D:5      | Reached skill level 6 in Fighting
  4922 | D:5      | Reached XP level 8. HP: 37/84 MP: 0/17
  5266 | D:5      | Found a bloodstained altar of Trog.
  5355 | D:5      | Reached skill level 1 in Maces & Flails
  5548 | D:5      | Noticed Grinder
  5549 | D:5      | Paralysed by Grinder for 5 turns
  5587 | D:5      | Killed Grinder
  5588 | D:5      | Reached skill level 7 in Fighting
  5873 | D:5      | Found an opulent altar of Gozag.
  5874 | D:5      | Found a sparkling altar of Nemelex Xobeh.
  6429 | D:6      | Reached XP level 9. HP: 77/96 MP: 19/19
  6545 | D:6      | Found a sacrificial altar of Ru.
  7107 | D:6      | Found a broken altar of Ashenzari.
  7148 | D:7      | Found a staircase to the Ecumenical Temple.
  7158 | D:7      | Reached skill level 8 in Fighting
  7301 | D:7      | Found a blossoming altar of Fedhas.
  7354 | D:7      | Found a basalt altar of Yredelemnul.
  7396 | D:7      | Reached skill level 1 in Armour
  7460 | D:7      | Found a snail-covered altar of Cheibriados.
  7928 | D:7      | Found a glowing golden altar of the Shining One.
  8242 | D:8      | Found an ancient bone altar of Kikubaaqudgha.
  8306 | D:8      | Found a large runed translucent door.
  8310 | D:8      | Found a large runed translucent door.
  8310 | D:8      | Noticed a deep elf pyromancer
  8526 | D:8      | Found a large runed translucent door.
  8526 | D:8      | Found a large runed translucent door.
  8550 | D:8      | Noticed a cyclops
  9155 | D:8      | Killed a cyclops
  9156 | D:8      | Reached skill level 9 in Fighting
  9425 | D:8      | Reached skill level 5 in Maces & Flails
  9511 | D:8      | Found a white marble altar of Elyvilon.
  9620 | D:8      | Reached XP level 10. HP: 107/107 MP: 20/20
  9675 | D:8      | Reached skill level 5 in Armour
  9705 | D:8      | Identified the +9 bardiche of Twilight {flame, Str-5 Int+6
                  | Dex+5}
 10587 | D:9      | Reached skill level 10 in Fighting
 10589 | D:9      | Noticed a two-headed ogre
 10599 | D:9      | Killed a two-headed ogre
 11213 | D:9      | Reached skill level 11 in Fighting
 12035 | D:9      | Reached XP level 11. HP: 53/120 MP: 6/21
 12402 | D:9      | Found a staircase to the Lair.
 13070 | D:10     | Entered Level 10 of the Dungeon
 13134 | D:10     | Noticed a two-headed ogre
 13138 | D:10     | Killed a two-headed ogre
 13362 | D:10     | Reached skill level 1 in Throwing
 13362 | D:10     | Reached skill level 5 in Translocations
 13863 | D:10     | Found a shadowy altar of Dithmenos.
 14336 | D:10     | Reached skill level 12 in Fighting
 14803 | D:10     | Noticed Grum
 14821 | D:10     | Killed Grum
 15149 | D:10     | Found a staircase to the Orcish Mines.
 15672 | D:11     | Noticed a cyclops
 15679 | D:11     | Killed a cyclops
 15739 | D:11     | Found a runed translucent gate.
 15739 | D:11     | Found a runed translucent gate.
 15740 | D:11     | Found a runed translucent gate.
 15741 | D:11     | Identified the +10 plate armour of Fowarror {rC+++ rCorr
                  | Int-4}
 15742 | D:11     | Noticed manix's ghost (journeyman FoHs)
 15789 | D:11     | Found Hanashru's Weapon Boutique.
 15803 | D:11     | Reached skill level 5 in Conjurations
 15939 | D:7      | Became a worshipper of Cheibriados the Contemplative
 16085 | D:11     | Noticed a boulder beetle
 16101 | D:11     | Killed a boulder beetle
 16231 | D:11     | Noticed a skeletal warrior
 16232 | D:11     | Noticed a skeletal warrior
 16233 | D:11     | Noticed a skeletal warrior
 16243 | D:11     | Slain by a skeletal warrior

Illustrated notes

Levels and vault maps discovered:
D:1:      lightli_arrival_statuegarden, layout_basic
D:2:      layout_loops_ring, basic_altar, minmay_misc_feat_ornament,
          kennysheep_path_1
D:3:      layout_rooms, nicolae_overflow_ecumenical_swirl, nrook_campfire
D:4:      layout_basic
D:5:      layout_rooms, grunt_temple_overflow_opulence, trog_ov_bears_minmay,
          uniq_grinder
D:6:      layout_rooms, hangedman_ru_absence, general_overflow_altar
D:7:      layout_loops_ring, grunt_temple_overflow_holy_war,
          fedhas_altar_fruit_tree, cheibriados_altar_1,
          minmay_temple_entry_arrows
D:8:      layout_loops_ring, lemuel_zombie_altar_kikubaaqudgha,
          mainiacjoe_overflow_alcove_4, chequers_serial_rivers_small_3,
          grunt_decor_one_mirror, minmay_hollow_rounded_squares
D:9:      layout_grid_maze, due_lair_maze_entry_diamond
D:10:     layout_gridville, grunt_dithmenos_smoke_and_mirrors, erik_orc_2,
          uniq_grum
D:11:     layout_loops_cross, serial_shops, nicolae_shop_bloodbath_and_beyond,
          biasface_ghost_orc_armoury

Skill      XL: |  1  2  3  4  5  6  7  8  9 10 11 |
---------------+----------------------------------+-----
Fighting       | 1 2 3 4 5 6 7 9 11 12 | 12.2
Spellcasting   | 3 4 5 6 7 |  7.7
Conjurations   | 4 5 |  5.1
Translocations | 1 2 3 4 5 |  5.4
Maces & Flails | 3 5 7 8 |  8.1
Armour         | 4 6 7 |  7.5
Throwing       | 2 |  2.5
Dodging        | |  1.7
Stealth        | |  1.4
Invocations    | |  0.7

Action                     |  1- 3 |  4- 6 |  7- 9 | 10-12 || total
---------------------------+-------+-------+-------+-------++-------
  Melee: Spear             |    50 |    19 |       |       ||    69
         Headbutt          |     4 |    14 |    26 |    50 ||    94
         Short sword       |       |    35 |     8 |       ||    43
         Punch             |       |       |     1 |       ||     1
         Giant spiked club |       |       |   113 |   211 ||   324
         Unarmed           |       |       |     6 |       ||     6
  Throw: Large rock        |       |       |       |     6 ||     6
   Cast: Magic Dart        |    51 |   131 |    58 |    62 ||   302
         Searing Ray       |     2 |     5 |    14 |    14 ||    35
         Iskenderun's Myst |       |     1 |     6 |    10 ||    17
  Evoke: Wand              |       |       |     1 |    13 ||    14
    Use: Potion            |       |     1 |     5 |     4 ||    10
         Scroll            |       |     2 |     6 |    11 ||    19
   Stab: Sleeping          |       |     1 |       |       ||     1
 Armour: Robe              |    39 |    40 |   104 |       ||   183
         Skin              |       |       |     3 |       ||     3
         Pearl dragon scal |       |       |    83 |   455 ||   538
  Dodge: Dodged            |    27 |    34 |   106 |   150 ||   317
